This dude was so bad I nearly didn't notice he was map hacking (watch his mortar at 3:50)

Match 25447091
End
Kradschützen Motorcycle Team
Selects Italian Combined Arms Battlegroup
Selects Bersaglieri Squad
Panzergrenadier Squad
250 Light Carrier
Panzergrenadier Squad
Construct Light Support Kompanie
Construct Mechanized Kompanie
Selects Semovente da 75/18 Assault Gun
8 Rad Armored Car
Panzerjäger Mechanized Group
Vehicle Survival Package
Selects Carro Armato M13/40 Light Tank
Carro Armato M13/40 Light Tank
Carro Armato M13/40 Light Tank
Selects Vehicle Support - Secure Location
Combat Half-tracks
Selects Artillery Cover
Construct Panzerarmee Kommand
Emergency Repair Kits
Selects Vehicle Support - Force Recon
Panzer III L Medium Tank
Rapid Advance
Veteran Squad Leaders
Panzergrenadier Squad
Artillery Cover
Armored Reserves
Tungsten Core Ammunition
Panzer IV Assault Group
2.5-tonne Medical Truck
silial
入台作战第一远征军
KD | AlfredJodocusKwak
KevinTDW
0
0

Comments sign in to comment!

No comments posted yet!